 Dungeon Crawl Stone Soup version 0.29-a0-321-gf1c400731a (webtiles) character file.

Game seed: 1782190813365433798

519 tilp the Chiller (level 7, 32/32 HPs)
             Began as a Felid Ice Elementalist on Apr 4, 2022.
             Quit the game on level 6 of the Dungeon.
             The game lasted 00:09:32 (8203 turns).

tilp the Chiller (Felid Ice Elementalist)           Turns: 8203, Time: 00:09:33

Health: 32/32      AC:  2    Str: 10    XL:     7   Next: 1%
Magic:  12/12      EV: 18    Int: 18    God:
Gold:   139        SH:  0    Dex: 17    Spells: 1/12 levels left
                                        Lives:  1   Deaths: 1

rFire   . . .      SeeInvis +     - Unarmed
rCold   . . .      Faith    .   (shield unavailable)
rNeg    . . .      Spirit   .   (body armour unavailable)
rPois   .          Reflect  .   (helmet unavailable)
rElec   .          Harm     .   (cloak unavailable)
rCorr   .          Rampage  .   (gloves unavailable)
Will    +....                   (boots unavailable)
Stlth   +++.......              (no amulet)
HPRegen 0.10/turn               r - +6 ring of strength
MPRegen 0.13/turn               (no ring)

@: quick
A: very small, claws 1, fangs 3, see invisible, speed 1, shaggy fur 2, stealthy
paws, no weapons or thrown items, no armour, multi-lived
a: no special abilities


You were on level 6 of the Dungeon.
You visited 1 branch of the dungeon, and saw 6 of its levels.

You collected 381 gold pieces.
You spent 242 gold pieces at shops.

Inventory:

Jewellery
 p - a ring of fire
 r - a +6 ring of strength (left paw)
Scrolls
 b - a scroll of teleportation
 d - a scroll of magic mapping
 e - a scroll of blinking {unknown}
 i - a scroll of amnesia {unknown}
 j - a scroll of silence {unknown}
 l - 3 scrolls of vulnerability
 n - a scroll of fog {unknown}
 o - 6 scrolls of identify
 q - a scroll of enchant armour {unknown}
Potions
 a - a potion of magic
 c - 3 potions of might
 f - a potion of invisibility
 g - 5 potions of curing
 h - 3 potions of heal wounds
 k - a potion of attraction
 m - 4 potions of mutation


   Skills:
 + Level 4.2 Fighting
 - Level 4.0 Dodging
 - Level 6.0 Stealth
 - Level 2.0 Unarmed Combat
 + Level 3.2 Spellcasting
 * Level 1.4 Conjurations
 + Level 6.1 Ice Magic


You had one spell level left.
You knew the following spells:

 Your Spells              Type           Power      Damage    Failure   Level
a - Freeze                Ice            96%        1d11      1%          1
b - Frozen Ramparts       Ice            48%        1d6       3%          3
c - Ozocubu's Armour      Ice            24%        N/A       3%          3
d - Hailstorm             Conj/Ice       16%        3d6       32%         4

Your spell library contained the following spells:

 Spells                   Type           Power      Damage    Failure   Level
 Mephitic Cloud           Conj/Pois/Air  4%         N/A       36%         3
 Swiftness                Air            2%         N/A       43%         3
 Tukima's Dance           Hex            2%         N/A       43%         3
 Passage of Golubria      Tloc           2%         N/A       85%         4
 Summon Lightning Spire   Summ/Air       2%         N/A       85%         4
 Yara's Violent Unravell  Hex/Tmut       1%         3d3       99%         5
 Spellforged Servitor     Conj/Summ      2%         N/A       100%        7


Dungeon Overview and Level Annotations

Branches:
Dungeon (6/15)
 Temple: D:4-7

Altars:
Cheibriados
Fedhas
Gozag
Trog
The Shining One

Shops:
D:1 !

Annotations:
D:1 dig vault


Innate Abilities, Weirdness & Mutations

You have sharp claws.
You have razor-sharp teeth.
You have supernaturally acute eyesight. (SInv)
You cover ground quickly. (Speed+)
You are covered in thick fur. (AC +2)
Your paws help you pounce on unaware monsters.
You are incapable of wielding weapons or throwing items.
You cannot wear armour.
You gain extra lives every three experience levels.


Message History

Casting: Freeze (safe; 1% risk of failure)
Confirm with . or Enter, or press ? or * to list all spells.
A film of ice covers your body! The white imp gestures at you.
The puff of frost hits you.
Unknown command.
You scratch the white imp but do no damage.
You claw the white imp.
The white imp is moderately wounded.
The white imp barely misses you.
You completely miss the white imp.
The white imp is moderately wounded.
The white imp gestures at you. The puff of frost hits you!
You barely miss the white imp.
The white imp is moderately wounded.
The white imp gestures at you. The puff of frost hits you!
* * * LOW HITPOINT WARNING * * *
You scratch the white imp.
The white imp is severely wounded.
The white imp misses you.
You barely miss the white imp.
The white imp is severely wounded.
The white imp completely misses you.
You closely miss the white imp.
The white imp is severely wounded.
You barely miss the white imp.
The white imp is severely wounded.
The white imp barely misses you.
You scratch the white imp but do no damage.
The white imp is severely wounded.
The white imp puffs mist at you. The white imp gestures at you.
The puff of frost hits you!
You die...
You are now level 7!
You rejoin the land of the living...
Found a potion of heal wounds.
Are you sure you want to abandon this character and quit the game? (Confirm with "yes".)

##### #.!.##
##....##..
#.@......#
#.......##
#.......#
........#
#........#
..........#
............
###..........


There were no monsters in sight!

Vanquished Creatures
  An ogre (D:5)
  2 centaurs (D:5)
  A phantom (D:5)
  2 necrophages
  3 scorpions
  A jelly (D:5)
  A hound (D:5)
  Jessica (D:2)
  Terence (D:2)
  2 iguanas (D:5)
  An orc wizard (D:3)
  Robin (D:2)
  4 gnolls (D:4)
  4 adders
  A white imp (D:5)
  3 worms
  3 dart slugs
  17 orcs
  5 endoplasms
  4 giant cockroaches
  11 goblins
  7 hobgoblins
  10 jackals
  A kobold (D:2)
  5 quokkas
  3 ball pythons
  4 bats
  4 frilled lizards
  4 rats
107 creatures vanquished.

Notes
Turn   | Place    | Note
-------+----------+-------------------------------------------
     0 | D:1      | tilp the Felid Ice Elementalist began the quest for the
                  | Orb.
     0 | D:1      | Reached XP level 1. HP: 7/7 MP: 4/4
   345 | D:1      | Reached XP level 2. HP: 12/12 MP: 0/6
   500 | D:1      | Found Teur's Distillery.
   504 | D:1      | Bought a potion of curing for 33 gold pieces
   863 | D:1      | Reached skill level 1 in Fighting
   878 | D:1      | Got the Papyrus of Flight and Conjuration
  1644 | D:2      | Found a faded altar of an unknown god.
  1755 | D:2      | Reached XP level 3. HP: 14/15 MP: 2/7
  1759 | D:2      | Learned a level 3 spell: Frozen Ramparts
  1870 | D:2      | Noticed Jessica
  1870 | D:2      | Noticed Terence
  1886 | D:2      | Killed Terence
  1897 | D:2      | Killed Jessica
  1898 | D:2      | Reached XP level 4. HP: 9/19 MP: 0/9
  2292 | D:2      | Learned a level 3 spell: Ozocubu's Armour
  2453 | D:2      | Noticed Robin
  2475 | D:2      | Killed Robin
  3046 | D:2      | Found a faded altar of an unknown god.
  3316 | D:1      | Bought a potion of attraction for 33 gold pieces
  3316 | D:1      | Bought a potion of degeneration for 11 gold pieces
  3319 | D:1      | Bought a potion of curing for 33 gold pieces
  3319 | D:1      | Bought a potion of curing for 33 gold pieces
  3565 | D:3      | Reached XP level 5. HP: 22/22 MP: 2/10
  3571 | D:3      | Reached skill level 5 in Ice Magic
  3704 | D:3      | Identified the +0 chain mail of Rium {Regen+}
  4311 | D:3      | Gained mutation: You are covered in thick fur. (AC +2)
                  | [Felid growth]
  4311 | D:3      | Reached XP level 6. HP: 2/26 MP: 3/11
  4311 | D:3      | HP: 1/26 [poisoned by a scorpion]
  4742 | D:3      | Found a blossoming altar of Fedhas.
  5025 | D:4      | Identified the +1 ring mail of Starshine {rElec rPois}
  5876 | D:4      | Learned a level 4 spell: Hailstorm
  6015 | D:4      | Reached skill level 1 in Unarmed Combat
  6525 | D:5      | Entered Level 5 of the Dungeon
  6846 | D:5      | Reached XP level 7. HP: 29/30 MP: 0/12
  7392 | D:1      | Bought a potion of berserk rage for 55 gold pieces
  7392 | D:1      | Bought a potion of might for 44 gold pieces
  7618 | D:5      | Reached skill level 5 in Stealth
  7636 | D:5      | HP: 2/48 [ogre/+0 giant spiked club (36)]
  7639 | D:5      | Reached skill level 1 in Conjurations
  8140 | D:6      | Found a snail-covered altar of Cheibriados.
  8140 | D:6      | Found an opulent altar of Gozag.
  8140 | D:6      | Found a glowing golden altar of the Shining One.
  8140 | D:6      | Found a bloodstained altar of Trog.
  8167 | D:6      | Reached XP level 8. HP: 36/36 MP: 10/13
  8202 | D:6      | Killed from afar by a white imp
  8203 | D:6      | Reached XP level 7. HP: 0/32 MP: 11/12
  8203 | D:6      | Quit the game

Illustrated notes

Levels and vault maps discovered:
D:1:      heliophobic_arrival_glass_houses, layout_loops_ring, serial_glass,
          glass_columns_a, glass_columns_a, glass_columns_a, glass_columns_c,
          glass_columns_b, glass_columns_a, item_on_display_a,
          due_unseen_surprise, item_on_display_a, serial_shops, shop,
          minmay_misc_feat_cross, chequers_serial_rivers_room_b
D:2:      layout_loops_ring, chequers_ecumenical_altar_simple, uniq_jessica,
          uniq_robin, uniq_terence
D:3:      layout_loops_ring, mainiacjoe_overflow_tiny_flanked
D:4:      layout_basic
D:5:      layout_basic, hangedman_abyss_or_decor_lesser_grid
D:6:      layout_cave_pods, chequers_temple_overflow_statue_of_worship,
          minmay_temple_entry_junction

Skill      XL: |  1  2  3  4  5  6  7 |
---------------+----------------------+-----
Ice Magic      | 4 6 |  6.1
Fighting       | 1 2 3 4 |  4.2
Spellcasting   | 3 |  3.2
Dodging        | 3 4 |  4.0
Stealth        | 3 6 |  6.0
Unarmed Combat | 1 2 |  2.0
Conjurations   | 1 |  1.4

Action                   |  1- 3 |  4- 6 |  7- 9 || total
-------------------------+-------+-------+-------++-------
Melee: Unarmed           |    17 |    58 |    24 ||    99
       Bite              |       |     7 |     1 ||     8
       Punch             |       |     2 |     2 ||     4
 Cast: Freeze            |    33 |    28 |    16 ||    77
       Frozen Ramparts   |     2 |    24 |     4 ||    30
       Ozocubu's Armour  |       |    10 |     4 ||    14
       Hailstorm         |       |     1 |       ||     1
Evoke: Wand              |       |     1 |       ||     1
  Use: Scroll            |     3 |     3 |     2 ||     8
       Potion            |       |       |     3 ||     3
 Stab: Sleeping          |     6 |     7 |     1 ||    14
Armor: Skin              |     5 |    11 |     2 ||    18
Dodge: Dodged            |    25 |    64 |    20 ||   109

Table legend: (Time is in decaauts)
 A = Elapsed time spent in this place.
 B = Non-inter-level travel time spent in this place.
 C = Inter-level travel time spent in this place.
 D = Time resting spent in this place.
 E = Time spent auto-exploring this place.
 F = Levels seen in this place.
 G = Mean time per level.
                   A        B        C        D        E       F      G
               +--------+--------+--------+--------+--------+-----+--------+
         Total |   7362 |   6961 |    401 |   1527 |   4655 |   6 | 1227.0 |
       Dungeon |   7362 |   6961 |    401 |   1527 |   4655 |   6 | 1227.0 |
               +--------+--------+--------+--------+--------+-----+--------+

Top non-repeatable levels by time:
     D:2: 1814 daAuts
     D:3: 1516 daAuts
     D:4: 1441 daAuts
     D:5: 1287 daAuts
     D:1: 1247 daAuts
     D:6: 56 daAuts
